 Dungeon Crawl Stone Soup version 0.19.5 (webtiles) character file.

868 Kahvikuppo the Skirmisher (level 7, -1/54 HPs)
             Began as a Demonspawn Berserker on Apr 17, 2017.
             Was an Initiate of Makhleb.
             Slain by a polar bear (22 damage)
             ... created by the rage of Trog
             ... on level 5 of the Dungeon.
             The game lasted 00:28:02 (2713 turns).

Kahvikuppo the Skirmisher (Demonspawn Berserker)    Turns: 2713, Time: 00:28:02

Health: -1/54      AC: 12    Str: 15    XL:     7   Next: 73%
Magic:  7/7        EV: 10    Int:  9    God:    Makhleb [......]
Gold:   199        SH:  0    Dex: 12    Spells: 0 memorised, 6 levels left

rFire  . . .     SeeInvis .     B - +4 dagger (venom)
rCold  . . .     Gourm    .     I - +0 chain mail
rNeg   . . .     Faith    .     (no shield)
rPois  .         Spirit   .     (helmet restricted)
rElec  .         Reflect  .     (no cloak)
rCorr  .         Harm     .     (no gloves)
MR     .....                    (no boots)
Stlth  ..........               (no amulet)
                                m - +4 ring of slaying
                                c - +3 ring of evasion

@: slowed, very slow
A: antennae 1, molten scales 2, blink, demonic guardian 1, powered by pain 1,
weak 2, subdued magic 2
a: Blink, Renounce Religion


You were on level 5 of the Dungeon.
You worshipped Makhleb.
Makhleb was noncommittal.
You were not hungry.

You visited 2 branches of the dungeon, and saw 6 of its levels.

You collected 199 gold pieces.

Inventory:

Hand Weapons
 a - a +0 falchion
 d - a +0 scythe
 l - a +0 spear
 s - a +0 war axe
 v - a +0 club
 y - a +2 short sword of draining
 B - a +4 dagger of venom (weapon)
 C - a +2 dagger of freezing
Missiles
 f - 41 poisoned needles (quivered)
Armour
 e - a +2 helmet
 I - a +0 chain mail (worn)
Jewellery
 c - a +3 ring of evasion (left hand)
 m - a +4 ring of slaying (right hand)
Wands
 x - a wand of polymorph (13/24)
 z - a wand of random effects (24/48)
Scrolls
 b - 2 scrolls of teleportation {unknown}
 i - a scroll of enchant armour {unknown}
 k - 3 scrolls of fog {unknown}
 p - 4 scrolls of identify {unknown}
 q - a scroll of amnesia {unknown}
 t - a scroll of recharging {unknown}
 D - a scroll of remove curse {unknown}
 E - 2 scrolls of magic mapping {unknown}
 F - a scroll of fear {unknown}
Potions
 g - 2 potions of heal wounds {unknown}
 j - a potion of invisibility {unknown}
 o - a potion of lignification {unknown}
 r - a potion of magic {unknown}
 u - a potion of might {unknown}
Comestibles
 A - 3 meat rations
 G - a slice of pizza
 H - 2 royal jellies


   Skills:
 + Level 4.3 Fighting
 + Level 3.2(4.1) Short Blades
 + Level 4.0(4.5) Long Blades
 + Level 2.4(2.7) Axes
 + Level 1.6(2.3) Polearms
 + Level 3.4 Armour
 + Level 3.4 Dodging
 + Level 1.9 Stealth


You had 6 spell levels left.
You didn't know any spells.

Dungeon Overview and Level Annotations

Branches:
Dungeon (5/15)             Temple (1/1) D:4

Altars:
Ashenzari
Cheibriados
Dithmenos
Elyvilon
Fedhas
Gozag
Hepliaklqana
Kikubaaqudgha
Makhleb
Nemelex Xobeh
Okawaru
Qazlal
Ru
Sif Muna
Trog
Uskayaw
Vehumet
Xom
Yredelemnul
Zin
The Shining One

Shops:
D:4 ?


Innate Abilities, Weirdness & Mutations

You have a pair of small antennae on your head.
You are mostly covered in molten scales. (AC +3)
A weak demonic guardian rushes to your aid.
You sometimes gain a little power by taking damage.
You can translocate small distances at will.
You are very weak. (Str -4)
Your spells are easier to cast, but less powerful.


Message History

The worker ant bites you.
You hit the worker ant.
The worker ant looks even sicker.
The worker ant is heavily wounded.
The worker ant bites you.
* * * LOW HITPOINT WARNING * * *
You kill the worker ant!
Makhleb accepts your kill.
There is a shaft here.
You start resting.
You hear a distant blaring wail to the northeast.
Trog sends monsters to punish you.
The divine experience drains your vigour!
You feel yourself slow down. 2 polar bears and 2 black bears come into view.
You hit the polar bear but do no damage.
The polar bear is poisoned.
You hit the polar bear.
The polar bear is poisoned.
The polar bear is lightly wounded.
The polar bear bites you!!
You die...

..
#######.###
#....)....##
#$.......$..
#..........#
#$.........#
#h.h.......#
#.h.....<...
#h@........#
#.^........#
#5.........#
############


You could see 2 polar bears, 2 black bears and a friendly iron imp.

Vanquished Creatures
  Sigmund (D:2)
  Menkaure (D:5)
  An ogre (D:4)
  A phantom (D:4)
  2 hounds (D:4)
  Ijyb (D:2)
  6 worker ants
  Natasha (thrice) (D:3)
  8 adders
  An adder skeleton (D:4)
  A worm (D:3)
  3 dart slugs
  3 leopard geckos
  5 orcs (D:3)
  2 giant cockroaches
  4 goblins
  2 hobgoblins (D:3)
  8 jackals
  6 kobolds
  4 quokkas
  5 bats
  3 frilled lizards
  A quokka zombie (D:5)
  2 rats
74 creatures vanquished.

Vanquished Creatures (collateral kills)
  A centaur zombie (D:5)
  An adder (D:3)
  An orc (D:3)
3 creatures vanquished.

Grand Total: 77 creatures vanquished

Notes
Turn   | Place    | Note
-------+----------+-------------------------------------------
     0 | D:1      | Kahvikuppo the Demonspawn Berserker began the quest for the Orb.
     0 | D:1      | Reached XP level 1. HP: 18/18 MP: 1/1
   433 | D:1      | Gained mutation: You are partially covered in molten scales. (AC +2) [demonic ancestry]
   433 | D:1      | Reached XP level 2. HP: 24/24 MP: 2/2
   836 | D:2      | Gained mutation: A weak demonic guardian rushes to your aid. [demonic ancestry]
   836 | D:2      | Reached XP level 3. HP: 24/29 MP: 3/3
   857 | D:2      | Noticed Sigmund
   861 | D:2      | Gained mutation: Your spells are a little easier to cast, but a little less powerful. [potion of mutation]
   861 | D:2      | Gained mutation: Your spells are easier to cast, but less powerful. [potion of mutation]
   861 | D:2      | Gained mutation: You are weak. (Str -2) [potion of mutation]
   865 | D:2      | Reached skill level 1 in Stealth
   871 | D:2      | Killed Sigmund
   871 | D:2      | Reached XP level 4. HP: 8/37 MP: 4/4
   871 | D:2      | Gained mutation: You have a pair of small antennae on your head. [demonic ancestry]
   871 | D:2      | Reached XP level 5. HP: 9/42 MP: 5/5
  1238 | D:2      | Noticed Ijyb
  1248 | D:2      | Killed Ijyb
  1737 | D:3      | Noticed Natasha
  1754 | D:3      | Killed Natasha
  1754 | D:3      | Reached skill level 1 in Polearms
  1759 | D:3      | Noticed Natasha
  1765 | D:3      | Killed Natasha
  1765 | D:3      | Gained mutation: You sometimes gain a little power by taking damage. [demonic ancestry]
  1765 | D:3      | Reached XP level 6. HP: 30/48 MP: 6/6
  1793 | D:3      | Noticed Natasha
  1797 | D:3      | Reached ** piety under Trog
  1801 | D:3      | Killed Natasha
  1969 | D:3      | Reached skill level 1 in Axes
  2281 | D:4      | Reached skill level 1 in Short Blades
  2281 | D:4      | Gained mutation: You are mostly covered in molten scales. (AC +3) [demonic ancestry]
  2281 | D:4      | Reached XP level 7. HP: 54/54 MP: 7/7
  2287 | D:4      | Found Rumeas's Magic Scroll Shop.
  2312 | D:4      | Gained mutation: You can translocate small distances at will. [potion of mutation]
  2312 | D:4      | Gained mutation: You are very weak. (Str -4) [potion of mutation]
  2428 | D:4      | Found a staircase to the Ecumenical Temple.
  2470 | Temple   | Entered the Ecumenical Temple
  2578 | Temple   | Fell from the grace of Trog
  2578 | Temple   | Became a worshipper of Makhleb the Destroyer
  2660 | D:5      | Entered Level 5 of the Dungeon
  2660 | D:5      | Noticed Menkaure
  2672 | D:5      | Killed Menkaure
  2712 | D:5      | Noticed a polar bear
  2712 | D:5      | Noticed a polar bear
  2713 | D:5      | Slain by a polar bear

Skill      XL: |  1  2  3  4  5  6  7 |
---------------+----------------------+-----
Long Blades    | 3 4 |  4.0
Dodging        | 2 3 |  3.4
Stealth        | 1 |  1.9
Armour         | 2 3 |  3.4
Polearms       | 1 |  1.6
Axes           | 2 |  2.4
Fighting       | 4 |  4.3
Short Blades   | 1 3 |  3.2

Action                   |  1- 3 |  4- 6 |  7- 9 || total
-------------------------+-------+-------+-------++-------
Melee: Falchion          |    42 |       |       ||    42
       Spear             |    32 |     6 |       ||    38
       War axe           |       |    36 |       ||    36
       Scythe            |       |    27 |       ||    27
       Dagger            |       |    65 |    44 ||   109
       Short sword       |       |     1 |       ||     1
  Use: Potion            |     2 |       |     1 ||     3
 Stab: Sleeping          |     1 |     1 |       ||     2
  Eat: Bread ration      |       |     1 |     1 ||     2
Armor: Animal skin       |     7 |       |       ||     7
       Leather armour    |    18 |    23 |       ||    41
       Chain mail        |       |     8 |    16 ||    24
       Ring mail         |       |     2 |       ||     2
Dodge: Dodged            |    56 |   125 |    26 ||   207
       Rpst.: Falchion   |     6 |       |       ||     6
